 Dungeon Crawl Stone Soup version 0.25-a0-365-g7600c65 (webtiles) character file.

Game seed: 589070842971620616, levelgen mode: deterministic

13 Birdy the Sneak (level 2, -2/15 HPs)
             Began as a Vine Stalker Assassin on Jan 5, 2020.
             Slain by a hobgoblin (3 damage)
             ... on level 1 of the Dungeon.
             The game lasted 00:00:51 (343 turns).

Birdy the Sneak (Vine Stalker Assassin)              Turns: 343, Time: 00:00:52

Health: -2/15      AC:  3    Str: 13    XL:     2   Next: 37%
Magic:  0/4        EV: 12    Int: 11    God:
Gold:   3          SH:  0    Dex: 15    Spells: 2/2 levels left

rFire    . . .     SeeInvis .   h - +1 dagger (freeze)
rCold    . . .     Gourm    +   (no shield)
rNeg     . . .     Faith    .   b - +0 robe
rPois    .         Spirit   +   (no helmet)
rElec    .         Reflect  .   c - +0 cloak
rCorr    .         Harm     .   (no gloves)
MR       .....                  (no boots)
Stlth    +++.......             g - amulet of the gourmand
HPRegen  0.05/turn              (no ring)
MPRegen  0.09/turn              (no ring)

@: no status effects
A: fangs 2, magic shield, antimagic bite, no potion heal 3, rot immunity
a: no special abilities


You were on level 1 of the Dungeon.
You were not hungry.

You visited 1 branch of the dungeon, and saw 1 of its levels.

You collected 3 gold pieces.

Inventory:

Hand Weapons
 h - a +1 dagger of freezing (weapon)
Missiles
 d - 8 poisoned darts (quivered)
 e - 2 curare-tipped darts
Armour
 b - a +0 robe (worn)
 c - a +0 cloak (worn)
Jewellery
 g - an amulet of the gourmand (around neck)
Scrolls
 a - a scroll of immolation {unknown}
Comestibles
 f - a ration


   Skills:
 + Level 2.0 Fighting
 - Level 1.7 Short Blades
 - Level 1.7 Throwing
 + Level 1.1 Dodging
 + Level 5.0 Stealth
 + Level 0.7 Spellcasting


You had 2 spell levels left.
You didn't know any spells.
Your spell library was empty.

Dungeon Overview and Level Annotations

Branches:
Dungeon (1/15)

Altars:


Innate Abilities, Weirdness & Mutations

You have extremely sharp teeth.
When hurt, damage is shared between your health and your magic reserves.
Your bite disrupts and absorbs the magic of your enemies.
Potions cannot restore your health.
You are immune to rotting.


Message History

You bite the hobgoblin, but do no damage.
The hobgoblin hits you.
* * * LOW HITPOINT WARNING * * *
You hit the hobgoblin. You freeze the hobgoblin.
The hobgoblin is moderately wounded.
The hobgoblin hits you.
You aren't carrying any potions.
Unknown command.
You closely miss the hobgoblin.
The hobgoblin is moderately wounded.
The hobgoblin hits you.
Unknown command.
You hit the hobgoblin but do no damage.
You bite the hobgoblin, but do no damage.
The hobgoblin is moderately wounded.
The hobgoblin barely misses you.
You barely miss the hobgoblin. Your bite misses the hobgoblin.
The hobgoblin is moderately wounded.
The hobgoblin hits you.
You die...

.#....♣♣♣... ....
##.#)♣# ♣.♣ ♣..#
#.#.♣ ♣.♣ ♣..#
#.#.♣# #♣.♣#
#♣..#
#.#..♣♣♣.♣.♣♣♣..#
#.......♣♣♣.....#
#....♣♣♣.♣.♣♣♣.g#
#.#.♣# ♣.♣ #♣g#
#.#.♣ ♣.♣ ♣@#
#...♣ ♣ ♣ ♣..#
###.. ...# #.
....# ####.# .#
.# ##


You could see a hobgoblin and a goblin.

Vanquished Creatures
  2 goblins (D:1)
  2 hobgoblins (D:1)
  4 jackals (D:1)
  A kobold (D:1)
  2 rats (D:1)
11 creatures vanquished.

Notes
Turn   | Place    | Note
-------+----------+-------------------------------------------
     0 | D:1      | Birdy the Vine Stalker Assassin began the quest for the
                  | Orb.
     0 | D:1      | Reached XP level 1. HP: 11/11 MP: 2/2
   265 | D:1      | Reached skill level 1 in Dodging
   289 | D:1      | Reached skill level 5 in Stealth
   298 | D:1      | Reached XP level 2. HP: 15/15 MP: 3/3
   343 | D:1      | Slain by a hobgoblin

Levels and vault maps discovered:
D:1:      lemuel_arrival_hallway, layout_loops_ring, minmay_stone_trees_medium

Skill      XL: |  1  2 |
---------------+-------+-----
Dodging        | 1 |  1.1
Stealth        | 5 |  5.0
Fighting       | 2 |  2.0
Short Blades   | |  1.7
Throwing       | |  1.7
Spellcasting   | |  0.7

Action                   || total
-------------------------++-------
Melee: Dagger            ||    44
       Bite              ||    11
 Stab: Sleeping          ||     2
Armor: Robe              ||    15
Dodge: Dodged            ||    28

Table legend:
 A = Non-vault XP
 B = Vault XP
 C = Vault XP percentage of total XP
 D = Non-vault monster count
 E = Vault monster count
 F = Vault count percentage of total count
                 A         B        C        D         E       F
            +---------+---------+-------+---------+---------+-------
      Total |      19 |       0 |   0.0 |      11 |       0 |   0.0
            +---------+---------+-------+---------+---------+-------
        D:1 |      19 |       0 |   0.0 |      11 |       0 |   0.0
            +---------+---------+-------+---------+---------+-------
